[Event "Late-Titled-Tuesday-Blitz-June-04-2024"]
[Site "Chess.com"]
[Date "2024.06.04"]
[Round "7"]
[White "Maus7"]
[Black "Harry_Rakkel"]
[Result "0-1"]
[WhiteElo "2559"]
[BlackElo "2698"]
[TimeControl "180+1"]
[EndTime "15:15:44 PDT"]
[Termination "Harry_Rakkel won by resignation"]

1. e4 c5 2. Nf3 e6 3. d4 cxd4 4. Nxd4 Nc6 5. Nc3 Qc7 6. Be2 a6 7. Nxc6 bxc6 8. Qd3 Nf6 9. Qg3 Qxg3 10. hxg3 d5 11.
g4 Bb4 12. Bd2 O-O 13. exd5 exd5 14. g5 Bxc3 15. Bxc3 Ne4 16. Rh5 Re8 17. Bd4 c5 18. Be3 d4 19. Bf4 Nc3 20. bxc3 Bg4 21. Rh4 Bxe2 22.
Kd2 Rad8 23. Re1 d3 24. Bc7 Rc8 25. cxd3 Rxc7 26. Rxe2 Rb8 27. Rhe4 Rcc8 28. Ra4 Rc6 29. Kc2 g6 30. f4 Rcb6 31. d4 cxd4 32. Rxd4 Rb1 33. Rdd2 Rf1 34. Rf2 Ra1 35. Kd3 Rc8 36. Rc2 Rd1+ 37. Rfd2 Rf1 38. Ke3 Re8+ 39. Kd3 Rxf4 40. c4 Rd8+ 41. Kc3 Rc8 42. Kb4 Rg4 43. Rd5 Kg7 44. Rc5 Rb8+ 45. Ka5 Rg3 46. Ka4 Re3 47. Ra5 Rb6 48. c5 Rc6 49. Rb2 Re5 50. Rb6 Rcxc5 51. Rxc5 Rxc5 52. Rxa6 Rxg5 53. Kb3 Rg3+ 54. Kb4 Rxg2 55.
a4 h5 56. Rd6 h4 57. a5 h3 58. Rd1 g5 59. a6 Ra2 0-1

[Event "Late-Titled-Tuesday-Blitz-June-04-2024"]
[Site "Chess.com"]
[Date "2024.06.04"]
[Round "7"]
[White "Chaubunagungamaug1"]
[Black "Kostukov_Alex"]
[Result "1-0"]
[WhiteElo "2465"]
[BlackElo "2304"]
[TimeControl "180+1"]
[EndTime "15:15:44 PDT"]
[Termination "Chaubunagungamaug1 won by resignation"]

1. e4 c5 2. Nf3 g6 3. c3 Bg7 4.
d4 cxd4 5. cxd4 d5 6. e5 Bg4 7.
Be2 Nc6 8. O-O Nh6 9. h3 Bxf3 10. Bxf3 Nf5 11. Be3 e6 12. Nc3 O-O 13. Bg4 Nxe3 14.
fxe3 Qg5 15. Qd3 h5 16. Bf3 f6 17. exf6 Rxf6 18. Rad1 Qg3 19. e4 Rf4 20. Ne2 Qg5 21. Nxf4 Qxf4 22. exd5 Nxd4 23. dxe6 Qg3 24. e7 Nf5 25. Bxb7 Re8 26. Qxg3 Nxg3 27. Rd8 Bd4+ 28. Rxd4 Nxf1 29. Rd8 Kf7 30. Rxe8 Kxe8 31. Kxf1 Kxe7 32. Be4 Kf6 33. Kf2 g5 34. Kf3 Ke5 35. Bc2 a5 36. g4 h4 37. a3 Kd4 38. Bf5 Kc4 39. Be6+ Kd3 40. b4 axb4 41. axb4 Kd4 42. b5 Kc5 43. Bd7 Kd6 44. Bc6 Kc5 45. Ke4 Kd6 46. Kf5 Kc5 47. Kxg5 Kd4 48. Kxh4 1-0

[Event "Late-Titled-Tuesday-Blitz-June-04-2024"]
[Site "Chess.com"]
[Date "2024.06.04"]
[Round "7"]
[White "Evan_Attaker"]
[Black "Mikhail_Golubev"]
[Result "1-0"]
[WhiteElo "2705"]
[BlackElo "2508"]
[TimeControl "180+1"]
[EndTime "15:15:45 PDT"]
[Termination "Evan_Attaker won on time"]

1. a3 a6 2. c4 e6 3. b3 b5 4.
cxb5 axb5 5. Bb2 c5 6. e3 Bb7 7. Nf3 b4 8. axb4 cxb4 9. Rxa8 Bxa8 10. Be2 Nf6 11. O-O Be7 12. d3 O-O 13. Nbd2 d5 14.
Ne5 Nc6 15. Ndf3 Nxe5 16. Nxe5 Nd7 17. Qa1 Nxe5 18. Bxe5 f6 19. Bb2 e5 20. d4 e4 21.
Rc1 Qb8 22. Qa6 Bd6 23. g3 Bb7 24. Qb6 Rf7 25. Kg2 f5 26. Ra1 g5 27. Bc1 f4 28.
Bh5 Rg7 29. Bd2 fxg3 30. hxg3 Qc7 31. Qb5 Re7 32. Bxb4 Bxb4 33. Qxb4 Kg7 34. Rc1 Qd7 35. Bg4 Qd8 36. Rh1 h6 37. Ra1 Bc6 38. Ra6 Be8 39. Rd6 Qc7 40. Rxd5 Rf7 41. Rc5 Qe7 42. Bh5 Rf8 43.
Bxe8 Qf6 44. Qd2 1-0

[Event "Late-Titled-Tuesday-Blitz-June-04-2024"]
[Site "Chess.com"]
[Date "2024.06.04"]
[Round "7"]
[White "tactic"]
[Black "fpawn"]
[Result "0-1"]
[WhiteElo "2545"]
[BlackElo "2431"]
[TimeControl "180+1"]
[EndTime "15:15:45 PDT"]
[Termination "fpawn won on time"]

1. e4 c5 2. c3 Nf6 3. e5 Nd5 4. Nf3 Nc6 5. Na3 d6 6. Bb5 e6 7. Nc4 a6 8. Bxc6+ bxc6 9. exd6 Bxd6 10. d3 O-O 11. Nxd6 Qxd6 12. O-O Rd8 13. Qe2 Nf4 14.
Bxf4 Qxf4 15. Qe4 Qd6 16. Rad1 f6 17. Qc4 Qd5 18. Qa4 e5 19. d4 cxd4 20. cxd4 e4 21. Nd2 Bg4 22. Rc1 Be2 23. Rfe1 Bb5 24. Qb3 f5 25. Rc5 Qxb3 26. Nxb3 g6 27. g4 Rd5 28.
gxf5 gxf5 29. Rc3 Ra7 30. Rg3+ Rg7 31. f3 exf3 32. Rxg7+ Kxg7 33. Kf2 Be2 34. Rc1 Rd6 35. Rc5 Kf6 36. Rc3 Kg5 37. Kg3 f4+ 38. Kf2 Kg4 39. Rc5 Rh6 40. Kg1 f2+ 41. Kxf2 Rxh2+ 42. Kg1 Rh6 43. Nd2 f3 44. Ne4 Kf4 45. Nf2 Rg6+ 46. Kh1 Ke3 47. Nh3 f2 48. Re5+ Kxd4 0-1

[Event "Late-Titled-Tuesday-Blitz-June-04-2024"]
[Site "Chess.com"]
[Date "2024.06.04"]
[Round "7"]
[White "WPWPWP-2015"]
[Black "GMG"]
[Result "1-0"]
[WhiteElo "2548"]
[BlackElo "2696"]
[TimeControl "180+1"]
[EndTime "15:15:49 PDT"]
[Termination "WPWPWP-2015 won on time"]

1. e4 c5 2. Nf3 Nc6 3. Bc4 e6 4.
O-O Nf6 5. e5 d5 6. Bb5 Nd7 7.
Re1 g5 8. d4 g4 9. Ng5 h5 10. Bxc6 bxc6 11. c3 Be7 12. f4 Ba6 13. Be3 Rb8 14. Qc2 Qb6 15. b3 cxd4 16. cxd4 c5 17.
Qf2 cxd4 18. Bxd4 Qxd4 19. Qxd4 Bc5 20. Rd1 Rg8 21. Qxc5 Nxc5 22. Nh7 Ke7 23. Nf6 Rgc8 24. Nc3 Nd3 25. Ne2 Nxe5 26. fxe5 Bxe2 27. Rd2 Ba6 28. Nxh5 Rb4 29. Nf6 Rf4 30. g3 Rb4 31.
Kf2 Rc3 32. Re1 Rf3+ 33. Kg2 Rf5 34. Rf2 Rxf2+ 35. Kxf2 Bb7 36. Ke3 d4+ 37. Kd2 1-0

[Event "Late-Titled-Tuesday-Blitz-June-04-2024"]
[Site "Chess.com"]
[Date "2024.06.04"]
[Round "7"]
[White "Romkachess"]
[Black "NikitaShnadrygin"]
[Result "0-1"]
[WhiteElo "2522"]
[BlackElo "2711"]
[TimeControl "180+1"]
[EndTime "15:15:51 PDT"]
[Termination "NikitaShnadrygin won on time"]

1. e4 c5 2. Nf3 e6 3. d4 cxd4 4. Nxd4 Nf6 5. Nc3 Nc6 6. Nxc6 bxc6 7. e5 Nd5 8. Ne4 Qc7 9. f4 Qb6 10. c4 Bb4+ 11. Ke2 f5 12. exf6 Nxf6 13. Be3 Qd8 14. Nd6+ Ke7 15. Nxc8+ Rxc8 16. a3 Ba5 17. b4 Bc7 18. g3 a5 19. Bg2 d5 20. Bc5+ Bd6 21. Qd4 Re8 22. Rhe1 Kf7 23. Kf1 Bc7 24. Kg1 Ra8 25.
Bh3 Qd7 26. Qd3 axb4 27. axb4 Rxa1 28. Rxa1 Bb8 29. Re1 Qc7 30. Bd4 Ba7 31. c5 g6 32.
Qe2 Qe7 33. Be5 Bb8 34. Bd4 Ne4 35. b5 e5 36. fxe5 Bxe5 37. Rf1+ Kg7 38. Bxe5+ Qxe5 39. bxc6 Qd4+ 40. Kg2 Qxc5 41. Qb2+ d4 42. Rc1 Nc3 43. Bd7 Qd5+ 44. Kh3 Qh5+ 0-1

[Event "Late-Titled-Tuesday-Blitz-June-04-2024"]
[Site "Chess.com"]
[Date "2024.06.04"]
[Round "7"]
[White "Pitomina"]
[Black "MrEscacs"]
[Result "1/2-1/2"]
[WhiteElo "2499"]
[BlackElo "2175"]
[TimeControl "180+1"]
[EndTime "15:15:52 PDT"]
[Termination "Game drawn by repetition"]

1. e4 Nf6 2. e5 Nd5 3. Nc3 Nxc3 4. dxc3 Nc6 5. Bf4 g6 6. Bc4 Bg7 7. Qe2 O-O 8. O-O-O d6 9. exd6 cxd6 10. h4 h5 11.
Nh3 Ne5 12. Bb3 a5 13. a4 Bd7 14. Ng5 b5 15. Qe4 bxa4 16. Bxe5 axb3 17. Bxg7 Kxg7 18. cxb3 a4 19. Rhe1 axb3 20. Qxe7 Qxe7 21. Rxe7 Bf5 22. Rb7 Bc2 23. Ne6+ Kf6 24. Nxf8 Ra1+ 25. Kd2 Rxd1+ 26. Ke2 Rb1 27. Nh7+ Kg7 28. Ng5 Rxb2 29. Rxf7+ Kg8 30. Rc7 Bf5+ 31. Ke3 Rc2 32. Rb7 b2 33. Ne4 Bxe4 34.
Kxe4 Rxf2 35. Kd5 Re2 36. Kxd6 Rxg2 37. c4 Rd2+ 38. Ke6 Rc2 39. Kd5 g5 40. hxg5 h4 41. Ke6 Rxc4 42. Rxb2 Rc6+ 43. Kf5 Rc5+ 44. Kg6 Rc6+ 45.
Kh5 h3 46. Rh2 Rc3 47. Kh6 Rg3 48. Rh1 Rb3 49. Kh5 Kg7 50. Ra1 Rb7 51. Ra2 Rd7 52. Rh2 Rd3 53. Ra2 Rd7 54. Kg4 Rd3 55. Ra7+ Kg6 56. Ra6+ Kg7 57. Rh6 Ra3 58. Kf5 Ra5+ 59. Kg4 Ra3 60. Rh5 Kg6 61. Rh6+ Kg7 1/2-1/2

[Event "Late-Titled-Tuesday-Blitz-June-04-2024"]
[Site "Chess.com"]
[Date "2024.06.04"]
[Round "7"]
[White "frederiksvane"]
[Black "Msb2"]
[Result "0-1"]
[WhiteElo "2895"]
[BlackElo "3042"]
[TimeControl "180+1"]
[EndTime "15:15:53 PDT"]
[Termination "Msb2 won on time"]

1. c4 e6 2. Nc3 d5 3. d4 Bb4 4.
e3 Nf6 5. a3 Bxc3+ 6. bxc3 c6 7. a4 O-O 8. cxd5 cxd5 9. Ba3 Re8 10. Bb5 Bd7 11. Bd3 Qc7 12. Ne2 Nc6 13. O-O e5 14.
Bb5 Na5 15. dxe5 Rxe5 16. Bb4 Nc4 17. Bxc4 Qxc4 18. Qd4 Re4 19. Qxc4 Rxc4 20. a5 Rac8 21. Rfd1 Be6 22. f3 Ne8 23. a6 b6 24. Nf4 Nc7 25.
Kf2 h6 26. Rd2 Rd8 27. e4 d4 28. Rad1 Nxa6 29. Ba3 Rxc3 30. Bb2 Rc4 31. Bxd4 Nc5 32. Be3 Rxd2+ 33. Rxd2 a5 34. Rd8+ Kh7 35. Rb8 Rb4 36.
Nxe6 fxe6 37. h4 a4 38. Bxc5 bxc5 39. Ra8 h5 40. Ra5 Rc4 41. Ke3 Rc2 42. g3 Rc3+ 43. Kf4 a3 0-1

[Event "Late-Titled-Tuesday-Blitz-June-04-2024"]
[Site "Chess.com"]
[Date "2024.06.04"]
[Round "7"]
[White "jucAxx"]
[Black "jinbojinbo"]
[Result "0-1"]
[WhiteElo "2376"]
[BlackElo "2686"]
[TimeControl "180+1"]
[EndTime "15:15:53 PDT"]
[Termination "jinbojinbo won by resignation"]

1. e4 e5 2. Nc3 Nf6 3. f4 d5 4. fxe5 Nxe4 5. d3 Nxc3 6. bxc3 c5 7. Nf3 Nc6 8. Be2 Be6 9. O-O Be7 10. d4 O-O 11. Rb1 b6 12. Bb5 Rc8 13. Qd3 Na5 14. Bf4 Nc4 15. Ba6 Rc7 16. h3 Qd7 17. Bb5 Qd8 18.
Rb3 h6 19. Bg3 Qc8 20. Qe2 cxd4 21. Nxd4 Na5 22. Ba6 Qd8 23. Rbb1 Rxc3 24. Bd3 Bc5 25. Bf2 Qg5 26. h4 Qg4 27. Qxg4 Bxg4 28. Nb5 Bxf2+ 29. Rxf2 Rc5 30. Rf4 Bd7 31. Nxa7 Ra8 32. Nb5 Nc4 33. Bxc4 dxc4 34. Nd6 Be6 35. Rxb6 Rxa2 36. Nxf7 Bxf7 37. Rb8+ Kh7 38. Rxf7 Rxe5 39. Rbb7 Kg6 40. g4 Rxc2 41. Rxg7+ Kf6 42. Rbf7+ Ke6 43. Rh7 Re1+ 44. Rf1 Rxf1+ 45. Kxf1 Rh2 46. Rxh6+ Kd5 47. Kg1 Re2 48. Rh8 Re4 49.
Rd8+ Kc5 50. Rg8 c3 51. Kf2 Kb4 52. Kg3 c2 53. Rb8+ Kc3 54. Rc8+ Rc4 0-1

[Event "Late-Titled-Tuesday-Blitz-June-04-2024"]
[Site "Chess.com"]
[Date "2024.06.04"]
[Round "7"]
[White "Nemsko"]
[Black "campochess"]
[Result "0-1"]
[WhiteElo "2328"]
[BlackElo "2187"]
[TimeControl "180+1"]
[EndTime "15:15:54 PDT"]
[Termination "campochess won on time"]

1. e4 c5 2. Nf3 Nc6 3. d4 cxd4 4.
Nxd4 e5 5. Nb5 a6 6. Nd6+ Bxd6 7. Qxd6 Qe7 8. Qd1 Nf6 9. Bd3 h6 10. O-O d6 11. f3 O-O 12. Nc3 Be6 13. Be3 Rfd8 14. Bb6 Rd7 15. Qe2 d5 16. exd5 Nxd5 17. Nxd5 Bxd5 18. a3 Re8 19. Rad1 Qh4 20. Bf2 Qd8 21. Rd2 e4 22. fxe4 Bxe4 23. Qh5 Bg6 24. Bxg6 fxg6 25. Rxd7 gxh5 26. Rxd8 Rxd8 27. Be3 Rd5 28.
Re1 Rf5 29. Re2 Kf7 30. g3 Re5 31. Rf2+ Ke6 32. Bf4 Re4 33. c3 Ne7 34. Rd2 Nd5 35. Bb8 b5 36. Kf2 Rc4 37. Re2+ Kd7 38. Be5 g5 39. Bg7 h4 40. Bxh6 hxg3+ 41. hxg3 g4 42. Bg5 a5 43. Rd2 Ke6 44. Re2+ Kd7 45. Re5 Kd6 46. Re8 b4 47. Rd8+ Kc6 48. Rc8+ Kb5 49. Rxc4 Kxc4 50. cxb4 axb4 51. axb4 Kxb4 52. Ke2 Kc4 53. Kd2 Kd4 54. Kc2 Ke4 55. b3 Kf3 56. Bh4 Ke4 57. Kb2 Kd4 58. Ka3 Kc5 59. Ka4 Nc3+ 60.
Ka5 Nb5 61. b4+ Kc4 62. Be7 Nd4 0-1

[Event "Late-Titled-Tuesday-Blitz-June-04-2024"]
[Site "Chess.com"]
[Date "2024.06.04"]
[Round "7"]
[White "Eloist"]
[Black "lluiss"]
[Result "0-1"]
[WhiteElo "2413"]
[BlackElo "2219"]
[TimeControl "180+1"]
[EndTime "15:15:54 PDT"]
[Termination "lluiss won by resignation"]

1. e4 c5 2. Nf3 d6 3. Bb5+ Bd7 4. Bxd7+ Nxd7 5. O-O Ngf6 6. Qe2 e6 7. d4 cxd4 8.
Nxd4 a6 9. c4 g6 10. Nc3 Bg7 11. Be3 O-O 12. Rad1 Qc7 13. Rc1 Rac8 14. b3 Qa5 15. f4 e5 16. fxe5 Nxe5 17. Bg5 Neg4 18. h3 Qxg5 19. hxg4 Nxg4 20. Nf3 Qh5 21. Nd5 Be5 22.
g3 Bxg3 23. Ne7+ Kg7 24. Nxc8 Rxc8 25. Kg2 Bf4 26. Rh1 Ne3+ 27. Kf2 Qc5 28. Qb2+ Be5 29.
b4 Ng4+ 30. Kg2 Qe3 31. Nxe5 dxe5 32. Rce1 Qf4 33. Qe2 Rd8 34. Ref1 Ne3+ 35. Kh3 Nxf1 36. Rxf1 Qh6+ 37. Kg2 Rd2 0-1

[Event "Late-Titled-Tuesday-Blitz-June-04-2024"]
[Site "Chess.com"]
[Date "2024.06.04"]
[Round "7"]
[White "LoonsDeKoeben"]
[Black "Supelyel"]
[Result "0-1"]
[WhiteElo "2290"]
[BlackElo "2421"]
[TimeControl "180+1"]
[EndTime "15:15:55 PDT"]
[Termination "Supelyel won on time"]

1. Nf3 d6 2. e4 Nf6 3. Nc3 e5 4.
d4 Nbd7 5. Rg1 Be7 6. g4 h6 7. h4 exd4 8. Nxd4 Nc5 9. Qf3 c6 10. Bf4 Qa5 11. O-O-O h5 12. g5 Bg4 13. Qe3 Bxd1 14.
gxf6 Bxf6 15. Kxd1 O-O-O 16. Bh3+ Kb8 17. Nb3 Nxb3 18. axb3 Bxc3 19. bxc3 Qa1+ 20. Qc1 Qxc3 21. Bg2 Qd4+ 22. Qd2 Qa1+ 23. Qc1 Qd4+ 24. Ke2 f5 25. Qe3 Qb2 26. Qd3 fxe4 27. Bxe4 Rhe8 28. Kd2 Ka8 29.
Be3 d5 30. Bg6 d4 31. Bg5 Rf8 32. Bxd8 Rxf2+ 33. Ke1 Rh2 34. Bg5 Qa1+ 35. Qd1 Qc3+ 36. Bd2 Qh3 37. Rf1 Qxh4+ 0-1

[Event "Late-Titled-Tuesday-Blitz-June-04-2024"]
[Site "Chess.com"]
[Date "2024.06.04"]
[Round "7"]
[White "Alina_Gumerovna"]
[Black "jbking07"]
[Result "1-0"]
[WhiteElo "2132"]
[BlackElo "2330"]
[TimeControl "180+1"]
[EndTime "15:15:55 PDT"]
[Termination "Alina_Gumerovna won on time"]

1. e4 c5 2. Nf3 d6 3. d4 cxd4 4.
Nxd4 Nf6 5. Nc3 Nc6 6. f3 e5 7. Nb3 Be6 8. Be3 d5 9. exd5 Nxd5 10. Nxd5 Qxd5 11. Qxd5 Bxd5 12. Be2 O-O-O 13. O-O-O Be7 14.
Kb1 f5 15. Rd2 e4 16. Rhd1 exf3 17. Bxf3 Bxf3 18. gxf3 a6 19. Bb6 Rxd2 20. Nxd2 Bd8 21. Nc4 Bxb6 22. Nxb6+ Kc7 23. Nd5+ Kc8 24. c4 Re8 25.
Rd2 g5 26. c5 Re1+ 27. Kc2 Ne5 28. f4 Nc4 29. Rf2 g4 30. Kd3 Na5 31. Ne3 Kc7 32.
Nxf5 Kc6 33. b4 Rd1+ 34. Kc2 Rd8 35. bxa5 h5 36. Nd6 1-0

[Event "Late-Titled-Tuesday-Blitz-June-04-2024"]
[Site "Chess.com"]
[Date "2024.06.04"]
[Round "7"]
[White "ACollins05"]
[Black "Alex_Banzea"]
[Result "0-1"]
[WhiteElo "2446"]
[BlackElo "2602"]
[TimeControl "180+1"]
[EndTime "15:15:56 PDT"]
[Termination "Alex_Banzea won by checkmate"]

1. Nf3 Nf6 2. e3 g6 3. b3 Bg7 4. Bb2 d6 5. d4 O-O 6. Be2 b6 7.
O-O Bb7 8. a4 a5 9. Nbd2 Ne4 10.
Nxe4 Bxe4 11. Bd3 Bxd3 12. Qxd3 Nd7 13. Rad1 e6 14. h4 Qe7 15. h5 gxh5 16. g3 f5 17. Kg2 Nf6 18. Rh1 Kh8 19. Qc4 Bh6 20. Nh4 d5 21. Qe2 Rg8 22. c4 Rg4 23. cxd5 Nxd5 24. Nf3 Rag8 25. Rh3 h4 26. Ne5 R4g7 27. Rdh1 Bxe3 28.
Rxh4 Bg5 29. Rh5 Bf6 30. Rh6 Nf4+ 31. Kf3 Nxe2 32. Kxe2 Bxe5 33. dxe5 Rd8 34. R6h4 c5 35. Rc4 Qd7 36. Bc1 Qd3+ 37. Ke1 Qd1# 0-1

[Event "Late-Titled-Tuesday-Blitz-June-04-2024"]
[Site "Chess.com"]
[Date "2024.06.04"]
[Round "7"]
[White "alex1531"]
[Black "ericovski"]
[Result "0-1"]
[WhiteElo "2435"]
[BlackElo "2579"]
[TimeControl "180+1"]
[EndTime "15:15:57 PDT"]
[Termination "ericovski won on time"]

1. d4 Nf6 2. Bg5 Ne4 3. Bf4 c5 4.
f3 Qa5+ 5. c3 Nf6 6. Nd2 cxd4 7.
Nb3 Qb6 8. Qxd4 d6 9. e4 e5 10.
Qxb6 axb6 11. Be3 d5 12. exd5 Nxd5 13. Bf2 Be6 14. Bc4 Nc6 15. Ne2 Be7 16. O-O Nf4 17. Bb5 Nd5 18. c4 Nb4 19. a3 Nd3 20. Bxb6 Nxb2 21.
Na5 O-O 22. Nxb7 Nxc4 23. Bxc6 Nxb6 24. a4 Rfc8 25. Rfc1 Bc4 26. Bb5 Bxe2 27. Rxc8+ Nxc8 28. Bxe2 Ra7 29. Rc1 Nb6 30. a5 Rxb7 31. axb6 Rxb6 32. Rc8+ Bf8 33. Kf2 Rb7 34. Bc4 g6 35. Bd5 Rd7 36.
Bc6 Ra7 37. Bd5 Kg7 38. Rb8 Rd7 39. Bc4 Bc5+ 40. Kg3 Bd6 41. Rb1 e4+ 42. Kf2 exf3 43. Kxf3 Rc7 44. Bd3 Bxh2 45. g4 Be5 46. Be4 Rc3+ 47.
Ke2 Bd4 48. Bd3 Rc7 49. Rb4 Re7+ 50. Kd2 Bf2 51. Be4 f5 52. gxf5 gxf5 53. Bxf5 Be1+ 0-1

[Event "Late-Titled-Tuesday-Blitz-June-04-2024"]
[Site "Chess.com"]
[Date "2024.06.04"]
[Round "7"]
[White "LeninGuerra"]
[Black "Meri-Arabidze"]
[Result "1-0"]
[WhiteElo "2559"]
[BlackElo "2673"]
[TimeControl "180+1"]
[EndTime "15:15:58 PDT"]
[Termination "LeninGuerra won on time"]

1. e4 c5 2. Nf3 e6 3. b4 cxb4 4. a3 b6 5. axb4 Bxb4 6. c3 Be7 7. d4 Bb7 8. Bd3 Nf6 9. Qe2 d5 10. e5 Ne4 11. O-O O-O 12. Ba3 Nc6 13. Bb2 Na5 14.
Nbd2 Rc8 15. Nxe4 dxe4 16. Bxe4 Bxe4 17. Qxe4 Qd7 18. h4 Qb5 19. Rfb1 Qd5 20. Qxd5 exd5 21. Ba3 Bxa3 22. Rxa3 Rfd8 23. Nd2 Rd7 24. Kf1 Rdc7 25. Rc1 Nc6 26. Rca1 h5 27. Ke2 g6 28. Kd3 Kg7 29. Nf1 f6 30. f4 Kf7 31. Ne3 Ne7 32.
Rxa7 fxe5 33. fxe5 Rxc3+ 34. Kd2 R8c7 35. Rf1+ Ke8 36.
Rxc7 Rxc7 37. Rf6 Rb7 38. Kc3 b5 39. Kb4 Ra7 40. Kxb5 Ra3 41. Rf3 Rd3 42. Kc5 Rd2 43. Nxd5 Rc2+ 44. Rc3 Rxg2 45. Nf6+ Kf7 46. Rf3 Nf5 47. d5 Rc2+ 48. Kb6 Ke7 49. Ne4 1-0

[Event "Late-Titled-Tuesday-Blitz-June-04-2024"]
[Site "Chess.com"]
[Date "2024.06.04"]
[Round "7"]
[White "Dedic8"]
[Black "jefferyx"]
[Result "0-1"]
[WhiteElo "2919"]
[BlackElo "3088"]
[TimeControl "180+1"]
[EndTime "15:15:59 PDT"]
[Termination "jefferyx won by resignation"]

1. d4 f5 2. Bg5 g6 3. c4 Bg7 4. Nc3 h6 5. Bf4 Nf6 6. e3 d6 7. h4 Nbd7 8. Nf3 Ng4 9. d5 e5 10. dxe6 Bxc3+ 11. bxc3 Nc5 12. Nd4 Bxe6 13. Be2 Qf6 14.
Bf3 O-O-O 15. Rb1 Bxc4 16. Bxb7+ Nxb7 17. Qa4 Bd3 18. Rxb7 Kxb7 19. c4 Rb8 20. Qb3+ Ka8 21. Qxd3 Ne5 22. Qc2 g5 23. Bh2 Rhg8 24. Nb5 c6 25. Nd4 gxh4 26. Ke2 Rxg2 27. Bf4 Ng4 28. Rf1 c5 29. Qa4 Ne5 30. Nb5 Rg7 31. Qa6 Qf7 32. Bxe5 Qxc4+ 33. Ke1 Rxb5 34. Qc6+ Rgb7 35. Qc8+ Rb8 36.
Qc6+ R5b7 37. Bxd6 Qe4 38. Qxe4 fxe4 39. Bxb8 Rb1+ 40. Ke2 Rxf1 41. Kxf1 Kxb8 0-1

[Event "Late-Titled-Tuesday-Blitz-June-04-2024"]
[Site "Chess.com"]
[Date "2024.06.04"]
[Round "7"]
[White "Mops_2004"]
[Black "Sanan_Sjugirov"]
[Result "0-1"]
[WhiteElo "2796"]
[BlackElo "2945"]
[TimeControl "180+1"]
[EndTime "15:15:59 PDT"]
[Termination "Sanan_Sjugirov won by resignation"]

1. g3 d5 2. Nf3 Nf6 3. Bg2 e6 4. O-O Be7 5. d3 O-O 6. Bf4 Bd6 7. Bxd6 cxd6 8. c4 Qb6 9. Qb3 Qxb3 10. axb3 Nc6 11. Nc3 dxc4 12. dxc4 Rd8 13. Rfd1 Kf8 14. Ne1 Ke7 15. Nd3 Bd7 16. b4 a6 17. b5 axb5 18. cxb5 Nd4 19. b6 Bc6 20. Ra7 Rxa7 21. bxa7 Ra8 22. Ra1 Nd7 23. e3 Nb3 24. Ra3 Nbc5 25.
Bxc6 bxc6 26. Nb4 Ne5 27. f4 Ncd3 28. fxe5 Nxb4 29. exd6+ Kxd6 30. Ra4 c5 31. Ra5 Kc6 32. Na4 Nd3 33. Kf1 e5 34. e4 f6 35. Ke2 Nc1+ 36.
Ke3 Nb3 37. Ra6+ Kb5 38. Nb6 Kxa6 39. Nxa8 Kxa7 40. Nc7 Nd4 41. Ne8 Ne6 42. Kd3 Kb6 43. Nd6 Kc6 44. Nf5 Kb5 45. Ne7 c4+ 46. Kc3 Nc5 47. Kc2 Nxe4 48. Nf5 g6 0-1

[Event "Late-Titled-Tuesday-Blitz-June-04-2024"]
[Site "Chess.com"]
[Date "2024.06.04"]
[Round "7"]
[White "yaguigor"]
[Black "1g60-1"]
[Result "1-0"]
[WhiteElo "2612"]
[BlackElo "2451"]
[TimeControl "180+1"]
[EndTime "15:16:00 PDT"]
[Termination "yaguigor won on time"]

1. d4 e6 2. e4 d5 3. Nc3 Bb4 4.
e5 Ne7 5. a3 Bxc3+ 6. bxc3 c5 7. Qg4 Qc7 8. Qxg7 Rg8 9. Qxh7 cxd4 10. Ne2 dxc3 11. f4 Nbc6 12. h4 Bd7 13. h5 d4 14.
h6 O-O-O 15. Qxf7 Rdf8 16. Qh5 Nf5 17. h7 Rh8 18. g4 Ne3 19. Bxe3 dxe3 20. Bg2 Ne7 21.
Rh3 Qc5 22. Qh4 Ng6 23. Qg3 Bc6 24. Bxc6 Qxc6 25. Qxe3 Qg2 26. Qxc3+ Kb8 27. Qf3 Qxf3 28. Rxf3 Rxh7 29. O-O-O Nxe5 30. Rg3 Ng6 31. Rf1 Rhf7 32. Rgf3 Ne5 33. Re3 Nxg4 34. Rxe6 Rf5 35. Kb2 Rc8 36. Nd4 Rd5 37. c3 a5 38. f5 Rf8 39. a4 Nh2 40.
Rf4 Rg8 41. Re2 Ng4 42. f6 1-0

[Event "Late-Titled-Tuesday-Blitz-June-04-2024"]
[Site "Chess.com"]
[Date "2024.06.04"]
[Round "7"]
[White "ChEsper99"]
[Black "mortngabriel"]
[Result "0-1"]
[WhiteElo "2247"]
[BlackElo "2492"]
[TimeControl "180+1"]
[EndTime "15:16:00 PDT"]
[Termination "mortngabriel won by resignation"]

1. e4 c5 2. Nf3 Nc6 3. c3 Nf6 4. e5 Nd5 5. d4 cxd4 6. cxd4 d6 7.
Bc4 Nb6 8. Bb5 Bd7 9. Nc3 dxe5 10. dxe5 a6 11. Be2 Bg4 12. O-O Qxd1 13. Rxd1 e6 14. h3 Bh5 15. Be3 Nd7 16. g4 Bg6 17. Bf4 Bc5 18.
Rac1 Rc8 19. Bf1 h5 20. Bg2 hxg4 21. hxg4 Nb6 22. Nb5 Bxf2+ 23. Kxf2 axb5 24. Rc5 Nd5 25. Be3 Nxe3 26. Kxe3 b4 27. Rb5 Rc7 28. Rc1 Ke7 29.
Rxb4 Ra8 30. a3 Ra5 31. Rbc4 Rd7 32. R4c3 Nxe5 33. Nxe5 Rxe5+ 34. Kf2 Rd2+ 35. Kg3 Rxb2 36. Rc7+ Kd6 37. Rxb7 Rxg2+ 38. Kxg2 Be4+ 39. Kf2 Bxb7 0-1

[Event "Late-Titled-Tuesday-Blitz-June-04-2024"]
[Site "Chess.com"]
[Date "2024.06.04"]
[Round "7"]
[White "ulises2013"]
[Black "slidingknight2775"]
[Result "1-0"]
[WhiteElo "2909"]
[BlackElo "2668"]
[TimeControl "180+1"]
[EndTime "15:16:01 PDT"]
[Termination "ulises2013 won by resignation"]

1. e4 c5 2. g3 Nc6 3. Bg2 g6 4. Ne2 Bg7 5. O-O Nf6 6. c3 d5 7. exd5 Nxd5 8. d4 cxd4 9. Nxd4 Nxd4 10. cxd4 O-O 11. Nc3 Be6 12. Qf3 Nxc3 13. bxc3 Rc8 14. Bd2 Bc4 15. Rfb1 b6 16. a4 e6 17. Bf4 Bd5 18. Qd3 Bxg2 19. Kxg2 Qd5+ 20. Kg1 Qc4 21. Qxc4 Rxc4 22. Rb3 Rfc8 23. Bd2 e5 24. dxe5 Bxe5 25. Raa3 R8c5 26. Rb5 Bd6 27. Rxc5 Bxc5 28. Ra1 a6 29.
Kf1 Re4 30. Bh6 f5 31. f3 Re6 32. Rd1 Kf7 33. Rd8 Re8 34. Rd5 Ke6 35. Rd3 Rc8 36. Ke2 Be7 37. Be3 Rc6 38. Kd2 g5 39. Kc2 Bd6 40. Kb3 h6 41. Bc1 Be7 42. Re3+ Kd7 43. Re5 Rc5 44. Re2 h5 45. Ba3 Rxc3+ 46. Kxc3 Bxa3 47. Kc4 Bd6 48. Kd5 h4 49. gxh4 gxh4 50.
h3 Bg3 51. Rb2 Kc7 52. Rc2+ Kb7 53. Rc6 f4 54. Rf6 b5 55. axb5 axb5 56. Kc5 Kc7 57.
Kxb5 Kd7 58. Kc4 Ke7 59. Ra6 Kf7 60. Kd5 Kg7 61. Ke4 Kf7 62. Kf5 Kg7 63. Rg6+ Kf7 64.
Rg4 Ke7 65. Rxf4 Bxf4 66. Kxf4 Kf6 67. Kg4 Ke5 68. Kxh4 Kf4 69. Kh5 Kxf3 70. Kg5 Ke4 71. h4 Ke5 72. Kg6 Ke6 73. h5 Ke7 74. Kg7 Ke6 75.
h6 1-0

[Event "Late-Titled-Tuesday-Blitz-June-04-2024"]
[Site "Chess.com"]
[Date "2024.06.04"]
[Round "7"]
[White "bazar-wokzal"]
[Black "NajdorfPlayerc5"]
[Result "1-0"]
[WhiteElo "2592"]
[BlackElo "2444"]
[TimeControl "180+1"]
[EndTime "15:16:01 PDT"]
[Termination "bazar-wokzal won on time"]

1. e4 c5 2. c3 Nf6 3. e5 Nd5 4. d4 cxd4 5. cxd4 Nc6 6. Nc3 Nxc3 7. bxc3 d5 8. Bd3 e6 9. Qg4 Bd7 10.
Nf3 Na5 11. h4 Qc7 12. Bd2 Nc4 13. Rc1 Bb5 14. Bf4 O-O-O 15. Qg3 Ba3 16. Rb1 Ba6 17.
O-O Rdg8 18. h5 h6 19. Qh3 Be7 20. Nh2 Kb8 21. Ng4 Ka8 22. Rfd1 Na3 23. Rb3 Bxd3 24. Rxd3 Nc4 25. Kh2 Qa5 26. Rb1 Qxa2 27. Rdd1 Qa6 28. Qd3 Qc6 29. Rdc1 b5 30. Ne3 Rb8 31. Nxc4 bxc4 32.
Qg3 Rxb1 33. Rxb1 Rb8 34. Rxb8+ Kxb8 35. Qxg7 Qe8 36. Bxh6 a5 37. Bc1 a4 38. h6 Qf8 39.
Qxf8+ Bxf8 40. g4 Kc7 41. g5 Kd7 42. Ba3 1-0

[Event "Late-Titled-Tuesday-Blitz-June-04-2024"]
[Site "Chess.com"]
[Date "2024.06.04"]
[Round "7"]
[White "whiteglovethief"]
[Black "Hirna2005"]
[Result "1-0"]
[WhiteElo "2533"]
[BlackElo "2335"]
[TimeControl "180+1"]
[EndTime "15:16:01 PDT"]
[Termination "whiteglovethief won by resignation"]

1. d4 g6 2. e4 Bg7 3. Nc3 d6 4. Nf3 a6 5. a4 Nc6 6. Be2 Nf6 7. d5 Nb8 8. h3 O-O 9. O-O c6 10. Be3 c5 11. Qd2 Nbd7 12. Bh6 Rb8 13. Bxg7 Kxg7 14. Rfe1 Re8 15. Bf1 h6 16. e5 Nxe5 17.
Nxe5 dxe5 18. Rxe5 Qd6 19. Rae1 Bd7 20. Qe3 Ng8 21.
a5 Bf5 22. Bd3 f6 23. Rxf5 gxf5 24. Bxf5 Rbd8 25. Be6 Qe5 26. Qxe5 fxe5 27. Rxe5 Nf6 28. Na4 c4 29. Nc5 Rb8 30. g4 Red8 31. f4 Rd6 32. c3 b6 33. Nxa6 Ra8 34. Nc7 Ra7 35. axb6 Rb7 36. g5 Rdxb6 37. gxf6+ exf6 38. Ne8+ Kg6 39. Re2 Rxb2 40. Rxb2 Rxb2 41. d6 Rd2 42. d7 f5 43. Kf1 h5 44. Ke1 Rd3 45. Nc7 Kf6 46.
Nd5+ Kxe6 47. d8=Q Rxd5 48. Qe8+ Kd6 49. Qxh5 Kc5 50. Qg6 Kb5 51. h4 Ka4 52. Qc6+ Rb5 53.
Qxc4+ 1-0